 Dungeon Crawl Stone Soup version 0.17.0-9-g801d43b (webtiles) character file.

208 Gargoyl the Skirmisher (level 5, -10/42 HPs)
             Began as a Demonspawn Abyssal Knight on Nov 10, 2015.
             Was a Follower of Lugonu.
             Mangled by Pikel
             ... wielding a +0 whip of electrocution
              (18 damage)
             ... on level 5 of the Dungeon.
             The game lasted 00:06:05 (3876 turns).

Gargoyl the Skirmisher (Demonspawn Abyssal Knight)  Turns: 3876, Time: 00:06:05

Health: -10/42     AC: 17    Str: 13    XL:     5   Next: 55%
Magic:  7/7        EV:  4    Int: 14    God:    Lugonu [*.....]
Gold:   154        SH:  0    Dex: 12    Spells: 0 memorised, 4 levels left

rFire  . . .     SeeInvis .     a - +1 hand axe
rCold  . . .     Clarity  .     s - +4 plate armour
rNeg   . . .     SustAt   .     (no shield)
rPois  .         Gourm    .     d - +0 helmet
rElec  .         Spirit   .     (no cloak)
rCorr  .         Warding  .     w - +0 pair of gloves
rMut   .         Stasis   .     (no boots)
MR     .....                    (no amulet)
Stlth  ..........               (no ring)
                                y - ring of flight

@: not resistant to hostile enchantments, extremely unstealthy
A: hooves 1, powered by pain 1
a: Depart the Abyss, Renounce Religion, Evoke Flight


You were on level 5 of the Dungeon.
You worshipped Lugonu.
Lugonu was aware of your devotion.
You were not hungry.

You visited 1 branch of the dungeon, and saw 5 of its levels.
You visited the Abyss 1 time.

You collected 154 gold pieces.

Inventory:

Hand Weapons
 a - a +1 hand axe (weapon)
Armour
 d - a +0 helmet (worn)
 s - a +4 plate armour (worn)
 w - a +0 pair of gloves (worn)
Jewellery
 y - a ring of flight (left hand)
Wands
 c - a wand of draining (9)
 k - a wand of fireball (11)
 q - a wand of digging (8)
Scrolls
 h - 2 scrolls of identify
 m - 3 scrolls of remove curse
 x - a scroll of teleportation
Potions
 b - a potion of lignification {unknown}
 e - a potion of flight
 g - a potion of heal wounds
 j - a potion of ambrosia {unknown}
 p - a potion of cancellation {unknown}
 t - a potion of curing
 v - 2 potions of resistance {unknown}
 z - a potion of magic {unknown}
Comestibles
 f - a meat ration
 u - 3 fruits
 A - a bread ration


   Skills:
 + Level 4.2 Fighting
 + Level 2.5 Axes
 + Level 3.2 Armour
 + Level 2.3 Dodging
 + Level 3.0 Invocations


You had 4 spell levels left.
You didn't know any spells.

Dungeon Overview and Level Annotations

Branches:
Dungeon (5/15)             Temple (0/1) D:4

Altars:

Annotations:
D:5 Pikel


Innate Abilities, Weirdness & Mutations

You have large cloven feet.
You sometimes gain a little power by taking damage.


Message History

Pikel hits you but does no damage.
You climb downwards.
There is a stone staircase leading up here.
You hit Pikel but do no damage. Pikel hits you but does no damage.
You miss Pikel. Your kick misses Pikel. Pikel barely misses you.
Pikel hits you but does no damage.
You barely miss Pikel. You kick Pikel, but do no damage.
Pikel hits you but does no damage.
You are electrocuted!
You hit Pikel but do no damage. Pikel hits you but does no damage.
You are electrocuted!
* * * LOW HITPOINT WARNING * * *
You hit Pikel. Your kick misses Pikel.
Pikel is lightly wounded.
Pikel hits you but does no damage.
You hit Pikel but do no damage. You kick Pikel, but do no damage.
Pikel is lightly wounded.
Pikel hits you with a whip of electrocution.
* * * LOW HITPOINT WARNING * * *
You are electrocuted!
You die...

....#...#...# .....#
....#...+...# #..#.#
........#...# ....##
..##....##.. .....
........##.# #..#
........##.#####..# #
.....#......#.....##.##..
.........................
.#########..##.#@[....#[
...............#K####.#
...#...#########'## ...#
.##.........# # ...#
#.........# .. ...#
#.........+ ... ...#
#.........###....
...######................
.###...##...####)........


You could see Pikel.

Vanquished Creatures
  A slave (D:5)
  A crimson imp (D:5)
  Ijyb (D:2)
  A hound (D:5)
  A worker ant (D:5)
  4 adders
  3 worms
  5 giant geckos
  An orc (D:5)
  7 bats
  4 giant cockroaches
  4 hobgoblins
  4 kobolds
  2 ball pythons
  4 giant newts
  5 goblins
  4 rats (D:2)
52 creatures vanquished.

Notes
Turn   | Place    | Note
--------------------------------------------------------------
     0 | Abyss:1  | Gargoyl the Demonspawn Abyssal Knight began the quest for the Orb.
     0 | Abyss:1  | Reached XP level 1. HP: 18/18 MP: 2/2
   109 | Abyss:1  | Noticed a thrashing horror
   111 | Abyss:1  | Noticed a ynoxinul
   112 | D:1      | Escaped the Abyss
   298 | D:1      | Reached * piety under Lugonu
   298 | D:1      | Reached skill level 1 in Dodging
   466 | D:1      | Gained mutation: You sometimes gain a little power by taking damage. [demonic ancestry]
   466 | D:1      | Reached XP level 2. HP: 14/24 MP: 3/3
  1515 | D:2      | Noticed Ijyb
  1548 | D:2      | Killed Ijyb
  1548 | D:2      | Reached XP level 3. HP: 10/29 MP: 5/5
  2098 | D:2      | Gained mutation: You have large cloven feet. [demonic ancestry]
  2098 | D:2      | Reached XP level 4. HP: 22/37 MP: 6/6
  3363 | D:4      | Noticed a slave
  3365 | D:4      | Noticed Pikel
  3368 | D:4      | Noticed a slave
  3386 | D:5      | Entered Level 5 of the Dungeon
  3398 | D:5      | Killed a slave
  3470 | D:5      | Reached XP level 5. HP: 11/42 MP: 7/7
  3795 | D:5      | Reached skill level 4 in Fighting
  3865 | D:4      | Noticed a slave
  3876 | D:5      | Mangled by Pikel

Action                   |  1- 3 |  4- 6 || total
-------------------------+-------+-------++-------
Melee: Hand axe          |   129 |   173 ||   302
Invok: Depart the Abyss  |     1 |       ||     1
  Use: Potion            |     2 |       ||     2
       Scroll            |       |    12 ||    12
  Eat: Chunk             |     4 |     3 ||     7
       Bread ration      |       |     1 ||     1
